 Dungeon Crawl Stone Soup version 0.23.2-1-ga50397a (webtiles) character file.

Game seed: 3769035196454858294

4893 Fang the Fighter (level 10, -1/66 HPs)
             Began as a Gargoyle Berserker on Apr 25, 2019.
             Was an Elder of Trog.
             Slain by a six-headed hydra (4 damage)
             ... on level 8 of the Dungeon.
             The game lasted 00:12:40 (7964 turns).

Fang the Fighter (Gargoyle Berserker)               Turns: 7964, Time: 00:12:41

Health: -1/66      AC: 15    Str: 24    XL:     10   Next: 51%
Magic:  10/10      EV: 14    Int:  8    God:    Trog [****..]
Gold:   403        SH:  0    Dex:  9    Spells: 9/9 levels left

rFire    + + .     SeeInvis .   a - +1 war axe (protect)
rCold    . . .     Gourm    .   (no shield)
rNeg     + . .     Faith    .   D - +4 leather armour of Demons {rF+}
rPois    ∞         Spirit   .   (no helmet)
rElec    +         Reflect  .   (no cloak)
rCorr    .         Harm     .   (no gloves)
MR       +....                  (no boots)
Stlth    +.........             (no amulet)
HPRegen  0.21/turn              j - ring of protection from magic
MPRegen  0.12/turn              l - ring of protection from fire

@: berserk cooldown, slowed, very slow
A: negative energy resistance 1, electricity resistance, unbreathing,
petrification resistance, rot immunity, AC +7
a: Berserk, Trog's Hand, Brothers in Arms, Renounce Religion


You were on level 8 of the Dungeon.
You worshipped Trog.
Trog was greatly pleased with you.
You were very hungry.

You visited 2 branches of the dungeon, and saw 10 of its levels.

You collected 403 gold pieces.

Inventory:

Hand Weapons
 a - a +1 war axe of protection (weapon)
Armour
 b - a +1 chain mail
 D - the +4 leather armour of Demons (worn) {rF+}
   (You found it on level 6 of the Dungeon)

   It protects you from fire.
Jewellery
 j - a ring of protection from magic (left hand)
 l - a ring of protection from fire (right hand)
 q - an uncursed ring of fire
Wands
 I - a wand of flame (21)
 L - a wand of random effects (20)
Scrolls
 h - 4 scrolls of identify
 i - 2 scrolls of teleportation
 m - 2 scrolls of blinking
 n - 2 scrolls of enchant armour
 p - 4 scrolls of magic mapping
 v - 2 scrolls of remove curse
 F - a scroll of silence {unknown}
 G - 3 scrolls of fear {unknown}
 H - a scroll of random uselessness {unknown}
Potions
 d - a potion of agility {unknown}
 e - 2 potions of ambrosia {unknown}
 f - 6 potions of curing {unknown}
 s - a potion of flight {unknown}
 t - 4 potions of might {unknown}
 u - 3 potions of mutation {unknown}
 w - a potion of lignification {unknown}
 x - a potion of magic {unknown}
 z - 2 potions of degeneration {unknown}
 A - a potion of invisibility {unknown}
 B - 4 potions of heal wounds
 E - 2 potions of brilliance {unknown}
 J - a potion of haste {unknown}
Comestibles
 c - 19 rations


   Skills:
 + Level 9.0 Fighting
 + Level 7.5 Axes
 + Level 8.6 Armour
 + Level 6.5 Dodging


You had 9 spell levels left.
You didn't know any spells.
Your spell library was empty.

Dungeon Overview and Level Annotations

Branches:
Dungeon (9/15)             Temple (1/1) D:4
   Lair: D:8-11         Orc: D:9-12

Altars:
Cheibriados
Gozag
Okawaru
Xom

Shops:
D:6 *


Innate Abilities, Weirdness & Mutations

You are resistant to torment.
Your stone body is resilient. (AC +7)
You are immune to poison.
You resist negative energy. (rN+)
You are resistant to electric shocks. (rElec)
You can survive without breathing.
You are immune to petrification.
You are immune to rotting.


Message History

The six-headed hydra bites you but does no damage.
The six-headed hydra closely misses you. x2
The six-headed hydra bites you.
* * * LOW HITPOINT WARNING * * *
The six-headed hydra closely misses you.
The six-headed hydra misses you. The six-headed hydra bites you.
* * * LOW HITPOINT WARNING * * *
The six-headed hydra bites you but does no damage.
The six-headed hydra bites you.
* * * LOW HITPOINT WARNING * * *
The six-headed hydra bites you but does no damage.
The six-headed hydra closely misses you.
The six-headed hydra barely misses you.
The six-headed hydra bites you but does no damage.
The six-headed hydra bites you but does no damage.
The six-headed hydra misses you. The six-headed hydra bites you.
* * * LOW HITPOINT WARNING * * *
The six-headed hydra bites you but does no damage. x2
The six-headed hydra bites you.
You die...

####.###.......## #.....#####
#####....##.........# #..........
..##................###.#.#..####
#.##....(...........#........####
#.##.....#####..........#........
........## #....###...###..#.##
#.####### #........[..........
#.# ###D............#.## ..#
##.@###^######..<§.. ###
##..##.^^.^##...##.##
#.###♣..≈≈#.######.##
##.#.≈^^...≈.#.....##
#..♣.≈._.♣♣♣..######
###...^^≈≈..#...# #
##≈..^≈..##...####
*****##.^≈..##........
*,,,,,###.###.........


You could see a six-headed hydra.

Vanquished Creatures
  A centaur warrior (D:8)
  An efreet (D:8)
  A troll (D:6)
  Grinder (D:6)
  A hippogriff (D:7)
  4 hogs (D:7)
  A human (D:7)
  2 hungry ghosts (D:7)
  Duvessa (D:6)
  2 black bears
  An ice beast (D:6)
  An orc warrior (D:6)
  2 sky beasts
  2 ogres (D:4)
  2 centaurs
  A gnoll sergeant (D:7)
  4 bullfrogs
  Dowan (D:6)
  4 wights (D:7)
  4 crimson imps
  A centaur zombie (D:6)
  A jelly (D:7)
  2 orc priests (D:6)
  2 bullfrog skeletons (D:4)
  3 hounds
  3 orc wizards
  4 iguanas
  3 worker ants
  A worker ant zombie (D:6)
  5 gnolls (D:7)
  10 adders
  A shadow imp (D:7)
  An adder skeleton (D:7)
  6 worms
  2 dart slugs
  7 leopard geckos
  17 orcs
  3 ball pythons
  3 giant cockroaches
  6 goblins
  5 hobgoblins
  12 jackals
  3 quokkas
  9 bats
  2 frilled lizards
  A jackal skeleton (D:6)
  9 kobolds
  2 leopard gecko skeletons
  A leopard gecko zombie (D:7)
  A quokka skeleton (D:5)
  4 rats
167 creatures vanquished.

Notes
Turn   | Place    | Note
-------+----------+-------------------------------------------
     0 | D:1      | Fang the Gargoyle Berserker began the quest for the Orb.
     0 | D:1      | Reached XP level 1. HP: 14/14 MP: 1/1
    55 | D:1      | Reached XP level 2. HP: 17/19 MP: 2/2
   640 | D:1      | Found a snail-covered altar of Cheibriados.
   815 | D:1      | Reached XP level 3. HP: 23/23 MP: 3/3
  1165 | D:2      | Reached ** piety under Trog
  1386 | D:2      | Reached XP level 4. HP: 14/29 MP: 4/4
  2296 | D:3      | Reached skill level 4 in Fighting
  2484 | D:3      | Found a faded altar of an unknown god.
  2889 | D:3      | Reached XP level 5. HP: 10/33 MP: 5/5
  3241 | D:3      | Reached *** piety under Trog
  3368 | D:4      | Noticed an ogre
  3374 | D:4      | Killed an ogre
  3375 | D:4      | Reached XP level 6. HP: 39/39 MP: 6/6
  3642 | D:4      | Found a staircase to the Ecumenical Temple.
  3670 | Temple   | Entered the Ecumenical Temple
  3828 | D:4      | Reached skill level 5 in Fighting
  3828 | D:4      | Reached XP level 7. HP: 32/44 MP: 7/7
  4089 | D:5      | Entered Level 5 of the Dungeon
  4572 | D:5      | Reached skill level 5 in Armour
  4584 | D:5      | You fall through a shaft!
  4633 | D:6      | Noticed a troll
  4639 | D:6      | Killed a troll
  4639 | D:6      | Reached XP level 8. HP: 44/51 MP: 8/8
  4827 | D:6      | Reached skill level 6 in Fighting
  4827 | D:6      | Reached skill level 5 in Axes
  4988 | D:6      | Got a diamond-encrusted leather armour
  4999 | D:6      | Identified the +4 leather armour of Demons {rF+} (You found
                  | it on level 6 of the Dungeon)
  5246 | D:6      | Found an opulent altar of Gozag.
  5273 | D:6      | Found Gozag's Platinum Reserve.
  5274 | D:6      | Noticed Dowan
  5275 | D:6      | Noticed Duvessa
  5286 | D:6      | Killed Dowan
  5297 | D:6      | Killed Duvessa
  5538 | D:6      | Reached XP level 9. HP: 56/56 MP: 9/9
  5546 | D:6      | Received a gift from Trog
  5546 | D:6      | Reached skill level 7 in Fighting
  5683 | D:6      | Noticed Grinder
  5697 | D:6      | Killed Grinder
  5697 | D:6      | Reached skill level 5 in Dodging
  6225 | D:7      | Found an iron altar of Okawaru.
  6492 | D:7      | Reached **** piety under Trog
  6498 | D:7      | Reached skill level 8 in Fighting
  6743 | D:7      | Reached XP level 10. HP: 43/64 MP: 10/10
  7636 | D:8      | Found a shimmering altar of Xom.
  7788 | D:8      | Noticed a centaur warrior
  7789 | D:8      | Noticed a five-headed hydra
  7807 | D:8      | Killed a centaur warrior
  7948 | D:8      | Reached skill level 9 in Fighting
  7964 | D:8      | HP: 3/66 [six-headed hydra (1)]
  7964 | D:8      | Slain by a six-headed hydra

Skill      XL: |  1  2  3  4  5  6  7  8  9 10 |
---------------+-------------------------------+-----
Axes           | 3 4 5 7 |  7.5
Dodging        | 2 3 4 6 |  6.5
Armour         | 3 4 5 6 7 8 |  8.6
Fighting       | 4 5 6 8 9 |  9.0

Action                   |  1- 3 |  4- 6 |  7- 9 | 10-12 || total
-------------------------+-------+-------+-------+-------++-------
Melee: Hand axe          |    93 |    99 |       |       ||   192
       War axe           |       |    54 |   313 |   129 ||   496
Invok: Berserk           |     2 |     2 |     6 |     2 ||    12
       Trog's Hand       |       |     1 |     2 |     1 ||     4
  Use: Scroll            |       |       |       |    12 ||    12
       Potion            |       |       |       |     1 ||     1
 Stab: Sleeping          |     2 |       |       |       ||     2
  Eat: Chunk             |     2 |     9 |    14 |     8 ||    33
       Ration            |       |     1 |       |       ||     1
Armor: Animal skin       |    47 |    57 |    60 |       ||   164
       Leather armour    |       |       |   117 |   100 ||   217
Dodge: Dodged            |    82 |   103 |   234 |   159 ||   578
